 Dungeon Crawl Stone Soup version 0.18.1-6-gd335043 (webtiles) character file.

718 M4edhros the Spear-Bearer (level 8, 0/52 HPs)
             Began as a Formicid Fighter on May 20, 2016.
             Shot with an arrow by a centaur (3 damage)
             ... on level 5 of the Dungeon.
             The game lasted 00:05:04 (3899 turns).

M4edhros the Spear-Bearer (Formicid Fighter)        Turns: 3899, Time: 00:05:05

Health: 0/52       AC:  6    Str: 22    XL:     8   Next: 1%
Magic:  8/8        EV:  9    Int:  7    God:
Gold:   166        SH: 10    Dex: 17    Spells: 0 memorised, 7 levels left

rFire  + . .     SeeInvis +     i - +1 spear (venom)
rCold  . . .     Gourm    .     k - +2 leather armour {rF+}
rNeg   . . .     Faith    .     c - +0 shield
rPois  +         Spirit   .     (helmet unavailable)
rElec  .         Dismiss  .     (no cloak)
rCorr  .         Reflect  .     p - +0 pair of gloves of a bazaar {Dex+5}
SustAt .         Harm     .     (no boots)
MR     +....                    (no amulet)
Stlth  +.........               (no ring)
                                m - ring of poison resistance

@: somewhat resistant to hostile enchantments, very unstealthy
A: permanent stasis, dig shafts and tunnels, four strong arms, antennae 3, frail
1, magic resistance 1, poison resistance, subdued magic 1
a: Dig, Shaft Self


You were on level 5 of the Dungeon.
You were very hungry.

You visited 1 branch of the dungeon, and saw 5 of its levels.
You also visited: Sewer and Ossuary.

You collected 166 gold pieces.

Inventory:

Hand Weapons
 a - a +0 trident
 i - a +1 spear of venom (weapon)
 r - a +1 dagger of protection
Armour
 b - a +0 scale mail
 c - a +0 shield (worn)
 k - a +2 leather armour of fire resistance (worn)
 p - the +0 pair of gloves of a bazaar (worn) {Dex+5}
   (You found it in a sewer)

   It affects your dexterity (+5).
Jewellery
 m - a ring of poison resistance (left hand)
Scrolls
 d - a scroll of magic mapping {unknown}
 h - 2 scrolls of teleportation {unknown}
 j - 4 scrolls of random uselessness {unknown}
 l - 2 scrolls of immolation {unknown}
 n - a scroll of blinking {unknown}
 o - a scroll of fear {unknown}
 u - 2 scrolls of remove curse {unknown}
 v - 2 scrolls of identify {unknown}
Potions
 e - 5 potions of flight
 g - a potion of resistance
 q - 2 potions of cure mutation {unknown}
 s - 7 potions of curing {unknown}
 t - a potion of degeneration {unknown}
 w - a potion of heal wounds {unknown}
 x - a potion of cancellation {unknown}
Comestibles
 f - 2 bread rations
 z - 3 fruits


   Skills:
 - Level 3.2 Fighting
 + Level 8.5 Polearms
 - Level 3.2 Armour
 - Level 3.6 Shields


You had 7 spell levels left.
You didn't know any spells.

Dungeon Overview and Level Annotations

Branches:
Dungeon (5/15)
 Temple: D:4-7

Altars:
Xom


Innate Abilities, Weirdness & Mutations

You are under a permanent stasis effect.
You can dig through walls and to a lower floor.
Your four strong arms can wield two-handed weapons with a shield.
You have a pair of large antennae on your head (SInv).
You are frail (-10% HP).
You are resistant to hostile enchantments.
Your system is resistant to poisons.
Your spells are a little easier to cast, but a little less powerful.


Message History

The phantom is moderately damaged.
You hit the phantom but do no damage.
The phantom is moderately damaged.
The phantom hits you.
You miss the phantom.
The phantom is moderately damaged.
The phantom hits you.
The phantom blinks!
The phantom blinks!
The phantom blinks!
The phantom blinks!
A centaur comes into view.
The centaur shouts!
The centaur wields a runed shortbow.
It bursts into flame!
The centaur shoots an arrow.
The arrow hits you!
You see here an arrow.
The centaur shoots an arrow.
You block the arrow.
The centaur shoots an arrow.
The arrow hits you!
* * * LOW HITPOINT WARNING * * *
The arrow burns you.
You die...

.#.#.#.#.#.#
..........>.#
#.#.....#.#.##
#.....#.#..#
#.#.#.#.##.##
.#.#.###..#..####
................#
................#
.⌠.....@........#
.........W......#
.........(......#
................#
##..............#
...c............#
a...............#
.........####..##
############..####


You could see a phantom, a centaur and a worker ant (wandering).

Vanquished Creatures
  A sky beast (D:5)
  The ghost of M4edhros the Grave Robber, an amateur OpNe of the Shining One (Ossuary)
  Blork the orc (D:4)
  2 water moccasin zombies (Ossuary)
  2 howler monkeys (D:4)
  A hound (D:4)
  2 orc wizards
  An iguana (D:4)
  A big kobold zombie (Ossuary)
  A mummy (Ossuary)
  2 adders (D:3)
  3 oozes
  4 adder zombies (Ossuary)
  An adder skeleton (D:4)
  7 worms
  3 dart slugs (D:1)
  A giant gecko (Sewer)
  5 orcs
  A ball python (Sewer)
  5 giant cockroaches
  5 gnoll zombies (Ossuary)
  3 hobgoblins
  4 jackals (Sewer)
  2 quokkas
  10 bats
  4 giant newts
  2 goblins (D:3)
  2 hobgoblin zombies (Ossuary)
  8 kobolds
  2 kobold zombies (Ossuary)
  7 orc zombies (Ossuary)
  6 rats
100 creatures vanquished.

Vanquished Creatures (others)
  A mummy (Ossuary)
1 creature vanquished.

Grand Total: 101 creatures vanquished

Notes
Turn   | Place    | Note
--------------------------------------------------------------
     0 | D:1      | M4edhros the Formicid Fighter began the quest for the Orb.
     0 | D:1      | Reached XP level 1. HP: 18/18 MP: 1/1
    96 | D:1      | Reached XP level 2. HP: 22/24 MP: 2/2
   168 | D:1      | You fall through a shaft!
   175 | D:2      | Reached skill level 3 in Polearms
   291 | D:3      | Reached XP level 3. HP: 25/29 MP: 3/3
   480 | D:3      | Reached skill level 4 in Polearms
   480 | D:3      | Reached XP level 4. HP: 28/35 MP: 4/4
   659 | D:3      | Found a glowing drain.
   664 | Sewer    | Entered a sewer
  1158 | Sewer    | Reached XP level 5. HP: 41/41 MP: 5/5
  1536 | Sewer    | Got a pair of warped gloves
  1542 | Sewer    | Identified the +0 pair of gloves of a bazaar {Dex+5} (You found it in a sewer)
  1676 | D:3      | Reached skill level 5 in Polearms
  1749 | D:4      | Found a shimmering altar of Xom.
  1751 | D:4      | Found a shimmering altar of Xom.
  1752 | D:4      | Found a shimmering altar of Xom.
  1752 | D:4      | Found a shimmering altar of Xom.
  1753 | D:4      | Found a shimmering altar of Xom.
  1847 | D:4      | Found a sand-covered staircase.
  1856 | Ossuary  | Entered an ossuary
  2018 | Ossuary  | Reached XP level 6. HP: 7/47 MP: 6/6
  2023 | Ossuary  | HP: 2/47 [water moccasin zombie (3)]
  2026 | Ossuary  | Reached skill level 6 in Polearms
  2412 | Ossuary  | Noticed M4edhros's ghost (amateur OpNe)
  2437 | Ossuary  | Killed M4edhros's ghost
  2575 | Ossuary  | Reached XP level 7. HP: 30/52 MP: 7/7
  2635 | Ossuary  | Reached skill level 7 in Polearms
  3264 | D:4      | Noticed Blork the orc
  3277 | D:4      | Killed Blork the orc
  3414 | D:4      | Reached skill level 8 in Polearms
  3602 | D:4      | Found a shimmering altar of Xom.
  3800 | D:5      | Entered Level 5 of the Dungeon
  3840 | D:5      | Reached XP level 8. HP: 37/58 MP: 8/8
  3844 | D:5      | Gained mutation: Your spells are a little harder to cast, but a little more powerful. [mutagenic meat]
  3845 | D:5      | Gained mutation: You are frail (-10% HP). [mutagenic meat]
  3846 | D:5      | Lost mutation: Your spells are a little harder to cast, but a little more powerful. [mutagenic meat]
  3847 | D:5      | Gained mutation: Your system is resistant to poisons. [mutagenic meat]
  3848 | D:5      | Gained mutation: Your spells are a little easier to cast, but a little less powerful. [mutagenic meat]
  3849 | D:5      | Gained mutation: You are resistant to hostile enchantments. [mutagenic meat]
  3899 | D:5      | Shot with an arrow by a centaur

Skill      XL: |  1  2  3  4  5  6  7 |
---------------+----------------------+-----
Polearms       | 3 4 5 6 8 |  8.5
Fighting       | |  3.2
Armour         | |  3.2
Shields        | |  3.6

Action                   |  1- 3 |  4- 6 |  7- 9 || total
-------------------------+-------+-------+-------++-------
Melee: Trident           |    26 |       |       ||    26
       Spear             |    45 |   276 |   114 ||   435
  Use: Potion            |       |     5 |       ||     5
 Stab: Sleeping          |       |     2 |     1 ||     3
  Eat: Chunk             |       |     4 |     6 ||    10
       Meat ration       |       |     1 |       ||     1
Armor: Scale mail        |     3 |       |       ||     3
       Leather armour    |     2 |    82 |    12 ||    96
Dodge: Dodged            |    16 |   107 |    19 ||   142
Block: Shield            |    18 |   156 |    32 ||   206
